[Event "1st Jeddah Young Masters 2024"]
[Site "Jeddah"]
[Date "2024.01.27"]
[Round "6.4"]
[White "Seemann, Jakub"]
[Black "Erdogmus, Yagiz Kaan"]
[Result "0-1"]
[ECO "C54"]
[WhiteElo "2439"]
[BlackElo "2524"]
[Annotator "TA"]
[PlyCount "88"]
[EventDate "2024.01.24"]
[EventType "tourn"]
[SourceTitle "playchess.com"]
[Source "ChessBase"]
[SourceQuality "1"]
[TimeControl "5400+30"]

1. e4 e5 2. Nf3 Nc6 3. Bc4 Nf6 4. d3 Bc5 5. c3 d6 6. O-O h6 7. Re1 O-O 8. Nbd2 a6 9. a4 Ba7 10. b4 Ne7 11. Nf1 Ng6 12. Ng3 Be6 13. Bxe6 fxe6 14. d4 Kh8 15. h3 Nd7 16. Be3 Qf6 17. Ra2 Qf7 18. a5 Rad8 19. Rd2 Qe8 20. h4 Nf6 21. h5 exd4 $1 22. cxd4 Ne7 23. Nh4 Qb5 (23... Kg8 $14 {ist überlegen.}) 24. d5 $16 Bxe3 25. Rxe3 e5 26. Qb3 (26. Rc3 $1 $16 ) 26... Qe8 (26... Qd7 $11) 27. Qd1 (27. Rc2 $16) 27... Kg8 (27... Qb5 $1 $11) 28. Rc2 Qa4 29. Ngf5 (29. Ng6 $16 Nxg6 30. hxg6) 29... Nxf5 $1 $11 30. Nxf5 Rd7 $1 31. Qc1 Rff7 ({Besser ist} 31... Kh7 $11) 32. Rg3 (32. Ng3 $1 $14) 32... Kf8 (32... Kh7 $11) 33. Rg6 Nxh5 34. Nxh6 Rf6 $1 (34... gxh6 $6 35. Qxh6+ Rg7 36. Rc1 Qxb4 37. Qh8+ (37. Qxh5 Rxg6 38. Qxg6 Rf7 $14) 37... Kf7 38. Qxh5 Rxg6 39. Qf5+ Ke7 40. Qxg6 $16) 35. Rxf6+ Nxf6 36. Rc3 $2 (36. Nf5 $11 {und Weiss ist OK.}) 36... Qxb4 $19 (36... gxh6 $2 37. Ra3 $18) 37. Rf3 Qxe4 $1 38. Qg5 Qb1+ $1 (38... gxh6 39. Qxf6+ Kg8 40. Qe6+ (40. Qxh6 Qxf3 41. gxf3 Re7 $18) 40... Kh7 41. Qxd7+ Kg6 42. Rg3+ (42. Qxc7 Qxd5 43. Rg3+ Kf5 44. Qd7+ Kf6 45. Qg7+ Ke6 46. Qg8+ Kf6 47. Qxd5 h5) 42... Kh5 43. Qh3+ (43. Qxc7 Qe1+ 44. Kh2 Qxf2 45. Qxd6 Qxg3+ 46. Kxg3 Kg5 47. Qxe5+ Kg6) 43... Qh4 44. Qf5+) 39. Kh2 Qh7 $1 (39... gxh6 40. Qxf6+ Kg8 41. Qe6+ (41. Qxh6 Rg7 42. Qe6+ Kh8 43. Rf8+ Kh7 44. Qh3+ Kg6 45. Qg4+ Kh6 46. Qh4+ Kg6 47. Rf6#) 41... Kh7 42. Qxd7+ Kg8 43. Qe6+ (43. Qxc7 Qg6 44. Rg3 Qg5 45. Rxg5+ hxg5 46. Kg3 Kf8 47. Kg4 Ke8 48. Kxg5 e4 49. Kf6 Kf8 50. Qf7#) 43... Kh8 44. Qxh6+ Qh7 45. Rf8#) 40. Rh3 {[%emt 0:00:01] [#]} Qe4 $2 (40... gxh6 $2 41. Qxf6+ Ke8 42. Rxh6 $18) (40... Nxd5 $1 $19 {[%cal Od5f4] ...Nf4! wäre nun fies.} 41. Nf5 Qg8) 41. Rh4 $2 (41. Rf3 $1 $11 Qh7 (41... gxh6 42. Qxf6+ Kg8 43. Qe6+ Kh7 44. Qxd7+ Kg6 45. Qe6+ Kg5 46. Qf6+ Kg4 47. Qg7+ Kh5 48. Rh3+) 42. Rh3) 41... Qh7 $2 (41... gxh6 42. Qxf6+ Rf7 43. Qxh6+ Rg7 44. Rxe4 Kf7 45. Qe6+ Kf8 46. Rh4) (41... Qxd5 $19 {[%cal Of8e8] ...Ke8! ist eine echte Drohung.} 42. Ng4 Nxg4+ (42... Qxa5 43. Nxf6 Kf7 44. Nxd7 Qa2 45. Rh7 Ke6 46. Qxg7 Qxf2 47. Qg8+ Kf5 48. Rf7+ Ke6 49. Rxf2+) 43. Qxg4 Qf7) 42. Nf5 {[%emt 0:01:10] [#]} (42. Rh3 $11 {hält das Gleichgewicht.}) 42... Qg8 ({Günstiger ist} 42... Ne4 $1 $17 43. Rxh7 Nxg5 44. Rh8+ Kf7) 43. Qg3 $2 (43. Ne3 $1 $15) 43... g5 $19 (43... Nxd5 44. Qf3 Nf6 (44... Ke8 45. Qh3 $14) 45. Qxb7 $19) (43... Qxd5 44. Rh8+ Ng8 45. Qg4 $11) 44. Rb4 (44. Rh3 $142 g4 (44... Qxd5 $2 {verliert.} 45. Qxg5 Nh7 46. Qh6+ Ke8 47. Ng7+ Rxg7 48. Qxg7 $18) (44... Nxd5 $2 45. Qb3 $19) (44... Rh7 $2 45. Kg1 $19) 45. Nh6) 44... Qh7+ (44... Qxd5 $2 45. Qxg5 Rh7+ (45... Qxa5 46. Qxf6+ Ke8 47. Qe6+ Kf8 48. Rh4) 46. Nh6 $19) (44... Nxd5 45. Rxb7 Qh7+ 46. Qh3 Qxh3+ 47. Kxh3 $17) 0-1

[Event "1st Jeddah Young Masters 2024"]
[Site "Jeddah"]
[Date "2024.01.27"]
[Round "6.5"]
[White "Rey Martinez, Jaime"]
[Black "Sadhwani, Raunak"]
[Result "0-1"]
[ECO "B22"]
[WhiteElo "2342"]
[BlackElo "2654"]
[Annotator "TA"]
[PlyCount "96"]
[EventDate "2024.01.24"]
[EventType "tourn"]
[SourceTitle "playchess.com"]
[Source "ChessBase"]
[SourceQuality "1"]
[TimeControl "5400+30"]

1. e4 c5 2. c3 Nf6 3. e5 Nd5 4. d4 cxd4 5. cxd4 d6 6. Nf3 Nc6 7. Bc4 Nb6 8. Bb5 Bd7 9. exd6 e6 10. Nc3 a6 11. Bd3 {[%emt 0:02:17] The position is equal.} Bxd6 12. O-O O-O 13. Qe2 Nb4 14. Bb1 N4d5 15. Rd1 Rc8 16. Ng5 g6 17. Qf3 Be7 18. Nge4 Bc6 {[%emt 0:01:58] ...Nxc3 would now be deadly.} 19. Qe2 (19. Bh6 Nxc3 20. bxc3 Re8) 19... Qc7 20. a3 Rfd8 21. Ba2 Nxc3 22. Nxc3 Nd5 (22... Na4 {seems wilder.} 23. Bh6 Bf6 24. Bb3 Nxc3 25. bxc3 Bd5) 23. Nxd5 (23. Bxd5 $15 Bxd5 24. Bh6) 23... Bxd5 $17 (23... exd5 $6 24. Qf3 $11) 24. Bxd5 Rxd5 ({Of course not} 24... exd5 25. Bd2 $11) 25. g3 Qd7 {[%emt 0:05:38] Black is more active.} 26. Bf4 Rxd4 27. Rxd4 Qxd4 28. Rd1 Qa4 29. Be5 Rc5 {[%emt 0:07:33][%cal Oc5e5] aiming for ...Rxe5!} 30. Bc3 Qc6 (30... Rf5 $17 31. h3 h5) 31. Qe3 $1 $15 Rd5 (31... Rc4 $15 {is more appropriate.}) 32. Re1 (32. Rxd5 $11 {keeps the balance.} Qxd5 33. Qa7) 32... Bf8 33. Qf3 Bg7 $36 {[%emt 0:00:39][%mdl 2048] Dodges Qf6. White is under strong pressure.} 34. Re3 Rc5 35. Qd1 Bxc3 36. Qd8+ Kg7 {[%emt 0:00:05] Loses the game.} 37. Rxc3 Rxc3 38. Qd4+ {[%emt 0:00:07] [#]} (38. bxc3 $142 Qxc3 39. h4) 38... e5 $1 $19 39. Qxe5+ Qf6 40. Qxc3 Qxc3 41. bxc3 {[%emt 0:00:03][%mdl 4096] Endgame. KP-KP} Kf6 {[%emt 0:00:04] Black is clearly winning.} 42. Kf1 Ke5 43. Ke2 Ke4 44. f3+ {[%emt 0:00:39] [#]} Kd5 $1 45. Kd3 {[%emt 0:00:09] [#]} b5 $1 46. Kd2 Kc4 47. Kc2 g5 {[%emt 0:01:48] Hoping for ...a5.} 48. Kb2 f5 {[%emt 0:01:33] Weighted Error Value: White=0.39/Black=0.13 (very precise) .  Mistake:       	White=3     	Black=2      Inaccurate:     	White=4     	Black=1      OK:         	White=11    	Black=11     Best:        	---       	Black=2      Strong:       	White=1     	---        Brilliant:      	---       	Black=1} 0-1

[Event "1st Jeddah Young Masters 2024"]
[Site "Jeddah"]
[Date "2024.01.28"]
[Round "7.1"]
[White "Sadhwani, Raunak"]
[Black "Murzin, Volodar"]
[Result "1/2-1/2"]
[ECO "C55"]
[WhiteElo "2654"]
[BlackElo "2635"]
[Annotator "TA"]
[PlyCount "37"]
[EventDate "2024.01.24"]
[EventType "tourn"]
[SourceTitle "playchess.com"]
[Source "ChessBase"]
[SourceQuality "1"]
[TimeControl "5400+30"]

1. e4 e5 2. Nf3 Nc6 3. Bc4 Nf6 4. d3 Be7 5. O-O O-O 6. Bb3 d6 7. c3 Na5 8. Bc2 c5 9. d4 cxd4 10. cxd4 exd4 11. Nxd4 Nc6 12. Nc3 d5 13. Nxc6 bxc6 14. exd5 Nxd5 15. Qd3 {[%emt 0:00:36][%csl Gc2][%cal Rd3h7] [#]} g6 16. Nxd5 Qxd5 {[%emt 0:00:37] The position is equal.} 17. Qxd5 cxd5 18. Rd1 Be6 19. Be3 {[%emt 0:01:10] Weighted Error Value: White=0.04 (flawless) /Black=0.03 (flawless) .  OK:         	White=6     	Black=3} 1/2-1/2

[Event "1st Jeddah Young Masters 2024"]
[Site "Jeddah"]
[Date "2024.01.28"]
[Round "7.2"]
[White "Erdogmus, Yagiz Kaan"]
[Black "Rey Martinez, Jaime"]
[Result "1-0"]
[ECO "B33"]
[WhiteElo "2524"]
[BlackElo "2342"]
[Annotator "TA"]
[PlyCount "71"]
[EventDate "2024.01.24"]
[EventType "tourn"]
[SourceTitle "playchess.com"]
[Source "ChessBase"]
[SourceQuality "1"]
[TimeControl "5400+30"]

1. e4 c5 2. Nf3 Nc6 3. d4 cxd4 4. Nxd4 Nf6 5. Nc3 e5 6. Ndb5 d6 7. Nd5 Nxd5 8. exd5 Nb8 9. a4 a6 10. Na3 Be7 11. Be2 O-O 12. O-O Nd7 13. Nc4 a5 14. Be3 f5 {[%emt 0:07:18] Die Stellung ist ausgeglichen.} 15. f4 exf4 16. Bxf4 g5 17. Be3 (17. Bxd6 Bxd6 18. Rc1 Bc5+ 19. Kh1 Nf6 $19) 17... Ne5 18. Bb6 Qe8 (18... Qd7 $14) 19. Nxe5 $1 $16 (19. Bxa5 $2 Nxc4 20. Bxc4 Rxa5 $19) 19... dxe5 20. c4 (20. d6 {mit weiteren Verwicklungen.} Qc6 21. Bc4+ Kg7 22. dxe7 Qxb6+ 23. Rf2) 20... Bb4 ({Besser ist} 20... Ra6 $14 21. Bf2 Rh6) 21. c5 $36 {[%emt 0:01:01][%mdl 2048] Schwarz steht unter starkem Druck.} Bd7 22. Qb3 (22. d6 $16) 22... Kh8 23. Qg3 Qe7 (23... Rc8 $14) 24. d6 Qe6 {[%emt 0:10:22] [#]} 25. Bb5 $1 Rf7 26. Rac1 {[%emt 0:03:25] Schwarz muss nun Bc4 beachten. Weiß hat aktiveres Spiel.} Qf6 $2 {[%emt 0:00:23] Verliert die Partie.} (26... f4 $16 27. Qd3 (27. Qxg5 Rg8 $16) (27. Bxd7 Rxd7 28. Qxg5 Bd2 $16) 27... e4 28. Qd4+ Kg8) 27. Bxd7 $18 Rxd7 {[%emt 0:00:04] [#]} 28. Qd3 $1 Rf8 29. Qb5 Rff7 (29... Qg7 {kämpft weiter.} 30. Bxa5 Bxa5) 30. Bxa5 Bxa5 31. Qxa5 f4 (31... Kg7 $142 32. Qc3 Rd8) 32. Qc3 {[%emt 0:00:19] Weiß steht klar auf Gewinn.} Qe6 33. Rce1 Rf5 34. Re4 Rdf7 (34... Kg7 $142 35. b4 Qd5) 35. Rfe1 f3 36. gxf3 {[%emt 0:00:28] Gewichteter Fehlerwert: Weiß=0.12 (sehr präzise) /Schwarz=0.52.  Verlustzug:     	---       	Schwarz=1     Fehler:       	Weiß=1     	Schwarz=5     Ungenau:       	Weiß=1     	Schwarz=2     OK:         	Weiß=10    	Schwarz=6     Bester:       	Weiß=2     	---        Stark:        	Weiß=2     	---} (36. Rxe5 {führt zum Matt.} f2+ 37. Kf1 fxe1=Q+ (37... fxe1=R+ {wird mattgesetzt.} 38. Kxe1 Rxe5+ 39. Kd2 Rf2+ 40. Kd3 Qd5+ 41. Qd4) 38. Kxe1 Rxe5+ (38... Qxe5+ $2 39. Kd2 $19) 39. Kd2 Rf2+ 40. Kd3 Qd5+ (40... Rxg2 41. Qd4 Qb3+ 42. Qc3 Qd5+ 43. Qd4) 41. Qd4 Rd2+ (41... Qxc5 $2 42. Qxc5 Rxc5 43. Kd4 $19) 42. Kxd2 Qxd4+ 43. Kc2 Qc4+ (43... Rxc5+ {ist ein Selbstmatt.} 44. Kb3 Rc4 45. a5 Qd3+ 46. Ka2 Ra4#) 44. Kd2 Re2+ 45. Kd1 Qc2#) 1-0

[Event "1st Jeddah Young Masters 2024"]
[Site "Jeddah"]
[Date "2024.01.28"]
[Round "7.3"]
[White "Woodward, Andy"]
[Black "Seemann, Jakub"]
[Result "1-0"]
[ECO "D20"]
[WhiteElo "2501"]
[BlackElo "2439"]
[Annotator "RC"]
[PlyCount "150"]
[EventDate "2024.01.24"]
[EventType "tourn"]
[SourceTitle "playchess.com"]
[Source "ChessBase"]
[SourceQuality "1"]
[TimeControl "5400+30"]

1. d4 d5 2. c4 dxc4 3. e4 b5 4. a4 c6 5. axb5 cxb5 6. Nc3 Qb6 7. b3 e6 8. bxc4 Bb4 9. Bd2 bxc4 10. Bxc4 Ne7 11. Nge2 O-O 12. O-O a5 13. Na4 Qc6 14. Bd3 Ba6 15. Rc1 Bxd3 16. Rxc6 Nbxc6 17. Bxb4 Bxe2 18. Qxe2 axb4 19. Nb6 Rad8 20. d5 exd5 21. e5 Kh8 22. f4 Rfe8 23. Qd3 Rb8 24. Nd7 Rb7 25. Nc5 Ra7 26. Qd2 Rb8 27. Rb1 Rba8 28. Qd1 Ra2 29. Nb7 R8a3 30. Nd6 Kg8 31. Qh5 g6 32. Qg5 Ra1 33. Rxa1 Rxa1+ 34. Kf2 Ra8 35. Qf6 Rf8 36. Ke1 b3 37. Kd2 d4 38. e6 fxe6 39. Qxe6+ Kg7 40. f5 gxf5 41. Qxb3 Kf6 42. Nc4 Rg8 43. Qh3 Ke6 44. g3 Kd5 45. Nb6+ Kc5 46. Na4+ Kb4 47. Nb2 Ra8 48. Qf1 Kc5 49. Nd3+ Kd6 50. Qf4+ Kd5 51. Nb4+ Kc4 52. Nc2 Ra5 53. Qd6 Rd5 54. Qe6 Kc5 55. Ne1 Kb6 56. Nd3 Ra5 57. h4 h5 58. Nf4 Kc5 59. Qb3 Rb5 60. Qa3+ Kc4 61. Nxh5 Rb3 62. Qa6+ Kc5 63. Nf4 Rb2+ 64. Kc1 Rh2 65. Qa3+ Kc4 66. Qd6 Rh1+ 67. Kd2 Rh2+ 68. Ke1 Rh1+ 69. Kf2 Rh2+ 70. Kf3 Rb2 71. Qe6+ Kb5 72. Nd3 Rd2 73. Qb3+ Ka5 74. Kf4 Rh2 75. Kg5 Re2 1-0

[Event "1st Jeddah Young Masters 2024"]
[Site "Jeddah"]
[Date "2024.01.28"]
[Round "7.4"]
[White "Oro, Faustino"]
[Black "Klimkowski, Jan"]
[Result "1/2-1/2"]
[ECO "B51"]
[WhiteElo "2357"]
[BlackElo "2531"]
[Annotator "TA"]
[PlyCount "65"]
[EventDate "2024.01.24"]
[EventType "tourn"]
[SourceTitle "playchess.com"]
[Source "ChessBase"]
[SourceQuality "1"]
[TimeControl "5400+30"]

1. e4 c5 2. Nf3 d6 3. Bb5+ Nd7 4. O-O a6 5. Bd3 Ngf6 6. c3 b5 7. a4 c4 ({Black should try} 7... Bb7 $11) 8. Bc2 {[%emt 0:00:05] White is slightly better.} Bb7 9. axb5 axb5 10. Rxa8 Qxa8 11. Na3 Bxe4 12. Bxe4 Nxe4 (12... Qxe4 $14 13. Nxb5 e5) 13. d3 $1 $16 (13. Nxb5 $6 Qb7 14. Qa4 d5 $11) 13... cxd3 14. Nxb5 (14. Qxd3 e5 $14) 14... Qb7 {[%emt 0:08:48] Wards off Nc7+} 15. Qxd3 Nec5 16. Qe2 e5 17. Be3 {[%emt 0:08:18] Ra1 is the strong threat.} Be7 18. Bxc5 Nxc5 (18... dxc5 $14 19. Ra1 (19. Nxe5 Nxe5 20. Qxe5 Qxb5 $14) 19... O-O) 19. Ra1 $1 Ne6 20. Qc4 {[%emt 0:19:25] Strongly threatening Ra7.} Qb6 (20... O-O $2 21. Ra7 Qb6 22. Rxe7 $18) 21. Ra7 {[%emt 0:05:47] And now Qc8+ would win.} Bd8 {[%emt 0:04:43] [#]} 22. Rb7 $3 Qa6 23. Ra7 Qb6 24. h3 ({Better is} 24. Nd2 $16) 24... O-O $14 25. Rd7 e4 26. Nfd4 Nxd4 27. cxd4 (27. Nxd4 Qxb2 28. g3 e3 29. fxe3 Qd2 $17) 27... Qa5 28. Nxd6 Qe1+ 29. Qf1 {[%emt 0:00:39] White has more active pieces.} Qd2 {[%emt 0:00:39] [#]} 30. Nxf7 $2 {[%emt 0:06:16][%mdl 8192] [#]} Bh4 $2 (30... e3 $1 $19 {[%cal Re3e2] aiming for ...e2.} 31. fxe3 (31. Nxd8 $2 {too greedy.} e2 $19) 31... Qxe3+ (31... Bf6 $2 32. Qc4 $18) 32. Kh1 Be7) 31. g3 $1 $11 {[%emt 0:09:42] The position is equal.} e3 {[%emt 0:01:37] ...e2 would now be deadly.} 32. gxh4 {[%emt 0:00:10] Threatens to win with fxe3.} ({Wrong is} 32. fxe3 $2 Bxg3 33. Qf5 Qxe3+ (33... Qxb2 34. Nh6+ gxh6 35. Qxh7#) 34. Kg2 Bf4 $19) 32... e2 33. Nh6+ $1 {[%emt 0:00:10] White really could win this.   Weighted Error Value: White=0.33/Black=0.26 (precise) .  Loses game:     	White=1     	---        Missed win:     	---       	Black=1      Mistake:       	White=1     	Black=3      Inaccurate:     	White=1     	Black=1      OK:         	White=7     	Black=12     Best:        	White=5     	Black=4      Strong:       	White=4     	---} 1/2-1/2

[Event "1st Jeddah Young Masters 2024"]
[Site "Jeddah"]
[Date "2024.01.28"]
[Round "7.5"]
[White "Pranav Vijay"]
[Black "Francisco Guecamburu, Candela Be"]
[Result "1-0"]
[ECO "A37"]
[WhiteElo "2252"]
[BlackElo "2295"]
[Annotator "NA RC"]
[PlyCount "103"]
[EventDate "2024.01.24"]
[EventType "tourn"]
[SourceTitle "playchess.com"]
[Source "ChessBase"]
[SourceQuality "1"]
[TimeControl "5400+30"]

1. Nf3 c5 2. g3 Nc6 3. Bg2 g6 4. O-O Bg7 5. c4 d6 6. Nc3 e5 7. d3 Nge7 8. a3 a5 9. Rb1 h6 10. Ne1 Be6 11. Nd5 Rb8 12. Nxe7 Nxe7 13. b4 axb4 14. axb4 b6 15. Nc2 O-O 16. Na3 Qd7 17. Re1 Nc6 18. Bd2 Rfc8 19. Nb5 Kh7 20. Ra1 d5 21. cxd5 Bxd5 22. Bxd5 Qxd5 23. Nc3 Qd7 24. bxc5 bxc5 25. Ra4 Nd4 26. Rc4 Rb4 27. Nd5 Rxc4 28. dxc4 Qg4 29. Kg2 Nf5 30. h3 Qd4 31. Qc2 Rb8 32. Bc1 Qa1 33. Bd2 Qd4 34. Bc1 Qa1 35. e3 Qb1 36. Re2 Nd6 37. Ba3 Qa1 38. Bxc5 e4 39. Bxd6 Rb2 40. Qxe4 Rxe2 41. Qf3 Re1 42. Qxf7 Rg1+ 43. Kf3 Qd1+ 44. Kf4 g5+ 45. Kf5 Qd3+ 46. e4 Qd4 47. Nf6+ Qxf6+ 48. Qxf6 Bxf6 49. Kxf6 Rf1 50. c5 Rxf2+ 51. Ke6 Rc2 52. Kd7 1-0

[Event "1st Jeddah Young Masters 2024"]
[Site "Jeddah"]
[Date "2024.01.29"]
[Round "8.1"]
[White "Murzin, Volodar"]
[Black "Francisco Guecamburu, Candela Be"]
[Result "1-0"]
[ECO "B28"]
[WhiteElo "2635"]
[BlackElo "2295"]
[Annotator "TA"]
[PlyCount "99"]
[EventDate "2024.01.24"]
[EventType "tourn"]
[SourceTitle "playchess.com"]
[Source "ChessBase"]
[SourceQuality "1"]
[TimeControl "5400+30"]

1. e4 c5 2. Nf3 a6 3. c3 d5 4. e5 Nc6 5. h3 d4 6. d3 g6 7. Bf4 Bg7 8. Nbd2 {[%emt 0:02:37] The position is equal.} f6 9. cxd4 cxd4 10. Be2 Nh6 11. Qb3 fxe5 12. Bxh6 Bxh6 13. O-O Na5 14. Qb4 Nc6 15. Qc4 Na5 16. Qc2 Be6 17. Nxe5 {[%emt 0:00:00] A dynamic duo of knights.} Rc8 18. Qd1 O-O 19. Bg4 Bxg4 20. Nxg4 Bxd2 21. Qxd2 Qd5 22. Rfe1 Nc6 {[%emt 0:00:07] Against Re5} 23. Re4 h5 24. Nh2 $36 {[%emt 0:00:00][%mdl 2048] White has good play.} Rf6 25. Nf3 Kg7 26. Ng5 e5 27. Re2 Rcf8 28. a3 Rf4 29. Rc1 Qd7 30. Ne4 {[%emt 0:01:14] White is more active.} Qf5 (30... R4f7 $16 31. b4 Rg8) 31. b4 (31. Qc2 $18) 31... g5 {[%emt 0:00:35] A mistake that costs the game.} (31... Qf7 $16 32. Rc4 h4) 32. a4 $18 g4 (32... Qd7 $142 33. b5 (33. Nxg5 Qe7 $18) 33... axb5 34. axb5 (34. Nxg5 bxa4 35. Qa2 R8f6 $14) 34... Nd8) 33. b5 axb5 34. axb5 Nd8 35. Rc7+ Kg6 36. h4 b6 (36... Rf7 {was worth a try.}) 37. Qa2 Rf7 38. Nd6 Qxd3 39. Nxf7 Rxf7 {[%emt 0:01:00] [#]} 40. Rxe5 $1 Rxc7 (40... g3 41. Rg5+) 41. Qg8+ {[%emt 0:00:02] White mates.} Kf6 {[%emt 0:00:29] [#]} 42. Qg5+ $1 ({Less strong is} 42. Qxd8+ Kxe5 43. Qxc7+ Kd5 $14) 42... Kf7 43. Qxd8 {[%emt 0:00:44] KQR-KQR} Qd1+ 44. Kh2 Qc2 45. Qe8+ Kf6 46. Qe6+ Kg7 47. Rg5+ Kh7 48. Qg8+ Kh6 {[%emt 0:00:05] [#]} 49. Rxh5+ $3 Kxh5 50. Qg5# {[%emt 0:00:02] Weighted Error Value: White=0.06 (flawless) /Black=0.43.  Mistake:       	White=1     	Black=4      Inaccurate:     	White=2     	Black=6      OK:         	White=16    	Black=8      Best:        	White=1     	---} 1-0

[Event "1st Jeddah Young Masters 2024"]
[Site "Jeddah"]
[Date "2024.01.29"]
[Round "8.2"]
[White "Klimkowski, Jan"]
[Black "Pranav Vijay"]
[Result "1/2-1/2"]
[ECO "B51"]
[WhiteElo "2531"]
[BlackElo "2611"]
[Annotator "TA"]
[PlyCount "79"]
[EventDate "2024.01.24"]
[EventType "tourn"]
[SourceTitle "playchess.com"]
[Source "ChessBase"]
[SourceQuality "1"]
[TimeControl "5400+30"]

1. e4 c5 2. Nf3 d6 3. Bb5+ Nd7 4. Ba4 a6 5. c4 Ngf6 6. Nc3 e6 7. O-O Be7 8. d3 {[%emt 0:05:07] White has an edge.} O-O 9. h3 Ne5 10. Nxe5 dxe5 11. Be3 Bd7 12. a3 Rb8 13. Bxd7 Nxd7 14. Rb1 Qc7 15. Qc2 Rbc8 16. Rfc1 Rfd8 17. b4 b6 18. Qb3 h6 19. Na4 Rb8 20. Qc3 f5 21. Qc2 Rbc8 (21... f4 $5 22. Bd2 $8 Rbc8 $11) 22. bxc5 bxc5 23. Rb2 Rb8 (23... f4 $5 24. Bd2 $8 Rb8 $11) 24. Rcb1 Rxb2 25. Rxb2 Qc6 26. f3 Bh4 27. Kf1 Kh7 28. Rb1 Be7 29. Bf2 Qc7 30. Qb3 Rb8 31. Qc2 Rd8 32. Qb3 Qd6 33. Qc2 Qc6 34. Re1 f4 {[%emt 0:00:35] The position is equal.} 35. Rb1 g5 36. Ke2 Kg6 37. Rb2 h5 38. Nc3 Rb8 39. Rxb8 Nxb8 40. Qb3 {[%emt 0:01:15] An interesting draw.   Weighted Error Value: White=0.04 (flawless) /Black=0.04 (flawless) .  OK:         	White=8     	Black=14} 1/2-1/2

[Event "1st Jeddah Young Masters 2024"]
[Site "Jeddah"]
[Date "2024.01.29"]
[Round "8.3"]
[White "Seemann, Jakub"]
[Black "Oro, Faustino"]
[Result "1-0"]
[ECO "B04"]
[WhiteElo "2439"]
[BlackElo "2357"]
[Annotator "TA"]
[PlyCount "37"]
[EventDate "2024.01.24"]
[EventType "tourn"]
[SourceTitle "playchess.com"]
[Source "ChessBase"]
[SourceQuality "1"]
[TimeControl "5400+30"]

1. e4 Nf6 2. e5 Nd5 3. d4 d6 4. Nf3 dxe5 5. Nxe5 c6 6. Bc4 Nd7 7. O-O N7f6 (7... Nxe5 $11 {remains equal.} 8. dxe5 Bf5) 8. Re1 Bf5 9. Qf3 {[%emt 0:06:47] White is better.} Be6 (9... g6 $142) 10. Bb3 $40 {[%emt 0:16:16][%mdl 128] Black must now prevent c4. White wants a kill. White has more active pieces.} Nc7 (10... g6 $16 {was worth a try.}) 11. c4 {[%emt 0:06:21][%cal Od4d5] Strongly threatening d5!} g6 $2 {[%emt 0:11:25] [#]} (11... Qxd4 {was necessary.} 12. Nc3 h6) 12. d5 $1 $18 Ncxd5 13. cxd5 Nxd5 14. Nc3 {[%emt 0:01:20] aiming for Nxd5.} Bg7 15. Nxd5 Bxd5 16. Nxf7 Qa5 {[%emt 0:00:12] [#]} (16... Bxf3 17. Nxd8 Rxd8 18. gxf3 Rd7) 17. Nd6+ {[%emt 0:00:19] White is clearly winning.} Kd7 18. Qe2 (18. Nxb7 $2 Qxe1#) 18... exd6 19. Bd2 {[%emt 0:00:09] Black did not feel at home in the position after the opening.   Weighted Error Value: White=0.15 (very precise) /Black=0.65.  Mistake:       	---       	Black=5      Inaccurate:     	White=1     	Black=1      OK:         	White=1     	Black=1      Best:        	White=1     	Black=2      Brilliant:      	White=1     	---} 1-0